 Dungeon Crawl Stone Soup version 0.31-a0-232-gb1c03b2570 (webtiles) character file.

Game seed: 11990893951095683030

8512 qw the Skirmisher (level 11, -6/69 HPs)
             Began as a Gargoyle Hexslinger on July 7, 2023.
             Was an Elder of Okawaru.
             Mangled by a yak (11 damage)
             ... on level 1 of the Lair of Beasts.
             The game lasted 00:03:36 (6677 turns).

qw the Skirmisher (Gargoyle Hexslinger)             Turns: 6677, Time: 00:03:37

Health: -6/69      AC: 17    Str: 12    XL:     11   Next: 32%
Magic:  15/15      EV: 17    Int: 14    God:    Okawaru [****..]
Gold:   110        SH:  5    Dex: 16    Spells: 11/12 levels left

rFire   . . .        f - +1 orcbow
rCold   + + +        (shield currently unavailable)
rNeg    + . .        i - +1 robe of the Blessed Realm {-Cast Rampage rC+++ SInv}
rPois   inf          (helmet restricted)
rElec   +            (no cloak)
rCorr   .            k - +1 pair of gloves
SInv    +            o - +0 pair of boots {Fly}
Will    .....        c - amulet of reflection
Stlth   +++          (no ring)
HPRegen 1.11/turn    (no ring)
MPRegen 0.14/turn

%: no spellcasting, reflection, rampage
@: heroic, flying
A: sickness immunity, AC +8, negative energy resistance 1, electricity
resistance, torment resistance 1, petrification resistance, horns 1, iridescent
scales 1, sense surroundings 1, regeneration 1
a: Renounce Religion, Heroism, Finesse


You were on level 1 of the Lair of Beasts.
You worshipped Okawaru.
Okawaru was greatly pleased with you.
You visited 3 branches of the dungeon, and saw 10 of its levels.

You collected 574 gold pieces.
You spent 464 gold pieces at shops.


Innate Abilities, Weirdness & Mutations

You are immune to sickness and miasma.
Your stone body is resilient. (AC +8)
You are immune to poison.
You resist negative energy. (rN+)
You are resistant to electric shocks. (rElec)
You are resistant to unholy torment.
You are immune to petrification.
You have a pair of small horns on your head.
You are partially covered in iridescent scales. (AC +2)
You passively map a small area around you.
Your natural rate of healing is unusually fast.


   Skills:
 - Level 8.3(13.3) Fighting
 + Level 12.9(17.9) Ranged Weapons
 - Level 4.4(9.4) Armour
 - Level 4.4(9.4) Dodging
 - Level 1.0 Spellcasting
 - Level 2.6 Hexes
 + Level 6.2 Invocations


You had 11 spell levels left.
You knew the following spells:

 Your Spells              Type           Power      Damage    Failure   Level
a - Slow                  Hex            32%        N/A       9%          1

Your spell library contained the following spells:

 Spells                   Type           Power      Damage    Failure   Level
 Inner Flame              Hex/Fire       4%         N/A       41%         3
 Portal Projectile        Hex/Tloc       8%         N/A       41%         3
 Cause Fear               Hex            4%         N/A       65%         4

Inventory:

Hand Weapons
 f - a +1 orcbow (weapon)
Armour
 a - a +1 ring mail of fire resistance
 h - a +2 robe of willpower
 i - the +1 robe of the Blessed Realm (worn) {-Cast Rampage rC+++ SInv}
   (You bought it in a shop on level 7 of the Dungeon)

   rC:        It renders you almost immune to cold.
   SInv:      It lets you see invisible.
   -Cast:     It prevents spellcasting.
   Rampage:   It bestows one free step when moving towards enemies.
 k - a +1 pair of gloves (worn)
 n - the +0 robe of Gasill {Str-5 Int+2 Dex+4}
   (You bought it in a shop on level 6 of the Dungeon)

   Str:       It affects your strength (-5).
   Int:       It affects your intelligence (+2).
   Dex:       It affects your dexterity (+4).
 o - a +0 pair of boots of flying (worn)
Jewellery
 c - an amulet of reflection (around neck)
 j - a +6 ring of intelligence
Wands
 m - a wand of digging (1)
Scrolls
 b - 2 scrolls of identify
Potions
 d - 2 potions of resistance
 e - 2 potions of curing
 g - a potion of cancellation {unknown}
 l - 2 potions of mutation
 p - a potion of might {unknown}

Dungeon Overview and Level Annotations

Branches:
Dungeon (8/15)             Temple (1/1) D:4            Lair (1/5) D:8

Altars:
Ashenzari
Cheibriados
Dithmenos
Elyvilon
Fedhas
Gozag
Hepliaklqana
Kikubaaqudgha
Nemelex Xobeh
Okawaru
Qazlal
Ru
Trog
Uskayaw
Vehumet
Xom
Yredelemnul
Zin
The Shining One

Shops:
D:4 *   D:6 [   D:7 [

Portals:
Bailey: D:7


Message History

The arrow hits the yak but does no damage.
The yak is heavily wounded.
The yak gores you.
The yak gores you but does no damage. x2
The yak misses you.
You shoot an arrow. The arrow hits the yak.
The yak is heavily wounded.
You shoot an arrow. The arrow hits the yak.
The yak is severely wounded.
You block the yak's attack. The yak barely misses you.
The yak gores you but does no damage. x2
You shoot an arrow.
The arrow hits the yak but does no damage.
The yak is severely wounded.
The yak gores you but does no damage. The yak gores you.
The yak closely misses you. You block the yak's attack.
You shoot an arrow. The arrow hits the yak.
The yak is severely wounded.
You shoot an arrow.
The arrow hits the yak but does no damage.
The yak is severely wounded.
The yak gores you but does no damage. The yak gores you!
The yak closely misses you. The yak gores you but does no damage.
You shoot an arrow. The arrow hits the yak!!
You kill the yak!
Okawaru accepts your kill. The yak closely misses you. The yak misses you.
The yak gores you but does no damage.
You shoot an arrow. The arrow hits the yak.
The yak is lightly wounded.
The yak barely misses you. The yak gores you! The yak completely misses you.
You shoot an arrow.
The arrow hits the yak but does no damage.
The yak is lightly wounded.
You shoot an arrow. The arrow hits the yak!
The yak is moderately wounded.
You block the yak's attack. The yak completely misses you. The yak misses you.
You shoot an arrow. The arrow hits the yak!
The yak is heavily wounded.
The yak barely misses you. The yak closely misses you. The yak gores you!
You die...

...............#.. ,
......%...........
...%%.%...........
#######..#.#### * ,
### #...## #### ##
##.#
##..#####..##P## ,
..##
#..............####*
..##
#.......#.YY%[....#
...#
#.........#@Y.%..#
####
#.#.##.###.###...#,
########### ### ..$.
###.#####.## * *#..
......^#.... ,
............ , *
......)..... , , ,
.###..##.#.# ## #..#
####### ** ,


You could see 3 yaks.

Vanquished Creatures
  A two-headed ogre (D:6)
  2 cane toads (Lair:1)
  2 komodo dragons (Lair:1)
  An unseen horror zombie (D:8)
  3 blink frogs (Lair:1)
  Sigmund (D:3)
  A wyvern (D:7)
  14 yaks (Lair:1)
  Eustachio (D:4)
  Menkaure (D:4)
  2 water moccasins
  A black bear (D:7)
  A sky beast (D:3)
  A hornet zombie (D:8)
  An ogre (D:4)
  An ice beast (D:7)
  2 centaurs
  A kobold brigand (D:6)
  6 bullfrogs
  4 scorpions
  A necrophage (D:8)
  A wyvern zombie (D:8)
  6 wights
  13 killer bees (D:8)
  2 howler monkeys
  4 centaur zombies (D:8)
  2 jellies
  2 orc priests
  4 hounds
  A human zombie (D:8)
  A sleepcap (D:6)
  A gnoll bouda (D:5)
  3 iguanas
  4 orc wizards
  A killer bee zombie (D:8)
  A mummy (D:8)
  8 gnolls (D:5)
  8 adders
  2 shadow imps
  2 white imps (D:6)
  2 worms (D:2)
  17 orcs
  A bat zombie (D:7)
  6 endoplasms
  3 giant cockroaches
  10 goblins
  6 hobgoblins
  6 jackals
  8 kobolds
  A quokka (D:4)
  5 ball pythons
  8 bats
  3 frilled lizards
  7 rats
197 creatures vanquished.

Notes
Turn   | Place    | Note
-------+----------+-------------------------------------------
     0 | D:1      | qw the Gargoyle Hexslinger began the quest for the Orb.
     0 | D:1      | Reached XP level 1. HP: 12/12 MP: 2/2
     0 | D:1      | 0 ||| qw: Version: 0.3-a-46-gb1f654a
     0 | D:1      | 0 ||| qw: Game counter: 2916
     0 | D:1      | 0 ||| qw: Melee chars always use a shield: true
     0 | D:1      | 0 ||| qw: God list: Okawaru
     0 | D:1      | 0 ||| qw: Allow faded altars: false
     0 | D:1      | 0 ||| qw: Do Orc after clearing Dungeon:15 true
     0 | D:1      | 0 ||| qw: Do second Lair branch before Depths: true
     0 | D:1      | 0 ||| qw: Lair rune preference: random
     0 | D:1      | 0 ||| qw: Goals: Normal
     0 | D:1      | 0 ||| PLANNING D:1-11
   198 | D:1      | Reached XP level 2. HP: 16/16 MP: 3/3
   297 | D:1      | Reached skill level 3 in Ranged Weapons
   458 | D:1      | 458 ||| READING scroll labelled JOIFO KOHE TEM.
   459 | D:1      | 459 ||| READING scroll labelled SOVVUTWEDOD.
   460 | D:1      | 460 ||| READING scroll labelled HIPUAL IJUOREK.
   461 | D:1      | 461 ||| READING scroll labelled KECHEA RABILU.
   462 | D:1      | 462 ||| READING scroll labelled JAFUYX XIBIK.
   463 | D:1      | 463 ||| READING scroll labelled EQOZOO BANK.
   464 | D:1      | 464 ||| DRINKING 2 lumpy grey potions.
   465 | D:1      | 465 ||| DROPPING scroll of poison.
   466 | D:1      | 466 ||| DROPPING potion of invisibility.
   511 | D:2      | 511 ||| STAIRDANCE
   759 | D:2      | Reached XP level 3. HP: 21/21 MP: 4/4
   837 | D:2      | 837 ||| FLEEEEING.
   838 | D:2      | 838 ||| FLEEEEING.
   847 | D:2      | HP: 5/21 [frozen (3)]
   848 | D:2      | HP: 2/21 [endoplasm (3)]
  1201 | D:2      | 1201 ||| UPGRADING to +1 ring mail of fire resistance.
  1211 | D:2      | 1211 ||| DROPPING +0 robe.
  1212 | D:2      | 1212 ||| UPGRADING to +0 helmet.
  1217 | D:2      | 1217 ||| READING scroll labelled DAOS ICRICIOST.
  1218 | D:2      | 1218 ||| READING scroll labelled XAM OCAOBB.
  1219 | D:2      | 1219 ||| DRINKING 2 black potions.
  1272 | D:3      | Noticed Sigmund
  1279 | D:3      | Killed Sigmund
  1280 | D:3      | Reached XP level 4. HP: 18/26 MP: 5/5
  1280 | D:3      | Reached XP level 5. HP: 21/30 MP: 6/6
  1415 | D:3      | Reached XP level 6. HP: 35/35 MP: 7/7
  1436 | D:3      | Reached skill level 4 in Ranged Weapons
  1519 | D:3      | Found a shadowy altar of Dithmenos.
  1832 | D:3      | 1832 ||| UPGRADING to amulet of reflection.
  1837 | D:3      | 1837 ||| READING scroll labelled XIMUOKHIKHLI.
  1838 | D:3      | 1838 ||| READING scroll labelled VARURA POH WUO.
  1886 | D:4      | Noticed a sky beast
  1891 | D:4      | 1891 ||| STAIRDANCE
  1904 | D:3      | Killed a sky beast
  1905 | D:3      | Reached skill level 5 in Ranged Weapons
  1947 | D:4      | Found a staircase to the Ecumenical Temple.
  1948 | D:4      | 1948 ||| PLANNING TEMPLE
  1948 | D:4      | Noticed Menkaure
  1963 | D:4      | Killed Menkaure
  1964 | D:4      | Reached skill level 3 in Fighting
  1964 | D:4      | Reached XP level 7. HP: 19/42 MP: 8/8
  2051 | Temple   | Entered the Ecumenical Temple
  2053 | Temple   | 2053 ||| PLANNING OKAWARU WORSHIP
  2105 | Temple   | Became a worshipper of Warmaster Okawaru
  2106 | Temple   | 2106 ||| PLANNING D:1-11
  2166 | D:4      | Noticed a water elemental
  2169 | D:4      | Noticed a fire elemental
  2171 | D:4      | Found a stormy altar of Qazlal.
  2173 | D:4      | Noticed an air elemental
  2245 | D:4      | Reached skill level 6 in Ranged Weapons
  2250 | D:4      | Noticed Eustachio
  2265 | D:4      | Killed Eustachio
  2426 | D:4      | 2426 ||| Stepping ~*~*~tactically~*~*~ (outnumbered).
  2428 | D:4      | 2428 ||| Stepping ~*~*~tactically~*~*~ (outnumbered).
  2501 | D:4      | Found Weckebac's General Store.
  2509 | D:4      | 2509 ||| BUYING scroll of teleportation (30 gold).
  2509 | D:4      | Bought a scroll of teleportation for 30 gold pieces
  2742 | D:4      | Found a hide-covered altar of Uskayaw.
  2837 | D:4      | 2837 ||| UPGRADING to +0 pair of gloves.
  2842 | D:4      | 2842 ||| DRINKING 2 sapphire potions.
  2881 | D:4      | 2881 ||| READING 2 scrolls of identify.
  2881 | D:4      | 2881 ||| IDENTIFYING smoky ruby potion
  2882 | D:4      | 2882 ||| DROPPING potion of lignification.
  2918 | D:5      | Entered Level 5 of the Dungeon
  2922 | D:5      | Reached XP level 8. HP: 48/48 MP: 9/9
  2966 | D:5      | 2966 ||| STAIRDANCE
  2967 | D:4      | Found a hazy altar of Hepliaklqana.
  2967 | D:4      | Found a broken altar of Ashenzari.
  3146 | D:5      | Reached * piety under Okawaru
  3147 | D:5      | Reached skill level 7 in Ranged Weapons
  3182 | D:5      | 3182 ||| Stepping ~*~*~tactically~*~*~ (outnumbered).
  3184 | D:5      | 3184 ||| Stepping ~*~*~tactically~*~*~ (outnumbered).
  3189 | D:5      | 3189 ||| INVOKING Heroism.
  3419 | D:5      | 3419 ||| READING scroll of enchant armour.
  3419 | D:5      | 3419 ||| ENCHANTING +0 pair of gloves.
  3505 | D:5      | Found a glowing silver altar of Zin.
  3545 | D:5      | Found an opulent altar of Gozag.
  3776 | D:5      | 3776 ||| FLEEEEING.
  3777 | D:5      | 3777 ||| FLEEEEING.
  3778 | D:5      | 3778 ||| FLEEEEING.
  3779 | D:5      | 3779 ||| FLEEEEING.
  3785 | D:5      | Reached skill level 1 in Invocations
  3917 | D:5      | 3917 ||| DRINKING 2 metallic ruby potions.
  3918 | D:5      | 3918 ||| READING 2 scrolls of identify.
  3918 | D:5      | 3918 ||| IDENTIFYING viscous orange potion
  3919 | D:5      | 3919 ||| DROPPING potion of brilliance.
  3920 | D:5      | 3920 ||| DROPPING potion of degeneration.
  4013 | D:6      | Noticed a two-headed ogre
  4014 | D:6      | 4014 ||| INVOKING Heroism.
  4031 | D:6      | Killed a two-headed ogre
  4032 | D:6      | Reached skill level 9 in Ranged Weapons
  4032 | D:6      | Reached XP level 9. HP: 18/53 MP: 8/10
  4032 | D:6      | 4032 ||| INVOKING Heroism.
  4383 | D:6      | 4383 ||| DRINKING 2 murky golden potions.
  4383 | D:6      | Gained mutation: You have a pair of small horns on your
                  | head. [potion of mutation]
  4383 | D:6      | Gained mutation: Your natural rate of healing is unusually
                  | fast. [potion of mutation]
  4383 | D:6      | Gained mutation: You are partially covered in iridescent
                  | scales. (AC +2) [potion of mutation]
  4383 | D:6      | Gained mutation: You passively map a small area around you.
                  | [potion of mutation]
  4404 | D:6      | 4404 ||| SWAPPING to +0 orcbow.
  4405 | D:6      | 4405 ||| DROPPING +2 sling of draining.
  4502 | D:6      | Found a snail-covered altar of Cheibriados.
  4598 | D:6      | Found Ywilimiew's Antique Armour Boutique.
  4599 | D:6      | 4599 ||| INVOKING Heroism.
  4600 | D:6      | 4600 ||| Stepping ~*~*~tactically~*~*~ (outnumbered).
  4601 | D:6      | 4601 ||| Stepping ~*~*~tactically~*~*~ (outnumbered).
  4612 | D:6      | Reached skill level 3 in Invocations
  4632 | D:6      | 4632 ||| BUYING embroidered robe (66 gold).
  4632 | D:6      | Bought an embroidered robe for 66 gold pieces
  4632 | D:6      | 4632 ||| BUYING heavily jewelled robe (102 gold).
  4632 | D:6      | Bought a heavily jewelled robe for 102 gold pieces
  4632 | D:6      | Identified the +0 robe of Gasill {Str-5 Int+2 Dex+4} (You
                  | bought it in a shop on level 6 of the Dungeon)
  4632 | D:6      | 4632 ||| BUYING pair of glowing boots (135 gold).
  4632 | D:6      | Bought a pair of glowing boots for 135 gold pieces
  4692 | D:6      | 4692 ||| DROPPING +0 helmet.
  4693 | D:6      | 4693 ||| UPGRADING to +0 pair of boots of flying.
  4711 | D:7      | 4711 ||| INVOKING Heroism.
  4766 | D:7      | 4766 ||| READING scroll of enchant weapon.
  4766 | D:7      | 4766 ||| ENCHANTING +0 orcbow.
  4801 | D:7      | 4801 ||| INVOKING Heroism.
  4805 | D:7      | 4805 ||| Stepping ~*~*~tactically~*~*~ (outnumbered).
  4807 | D:7      | Reached skill level 6 in Fighting
  4817 | D:7      | 4817 ||| DRINKING 2 potions of curing.
  4817 | D:7      | 4817 ||| (to cure confusion)
  4848 | D:7      | Found Velocvymm's Antique Armour Shoppe.
  4857 | D:7      | 4857 ||| SHOPLISTING bronze ring mail (207 gold, have 166).
  4857 | D:7      | 4857 ||| BUYING shadowed robe (131 gold).
  4857 | D:7      | Bought a shadowed robe for 131 gold pieces
  4857 | D:7      | Identified the +1 robe of the Blessed Realm {-Cast Rampage
                  | rC+++ SInv} (You bought it in a shop on level 7 of the
                  | Dungeon)
  4903 | D:7      | Reached skill level 10 in Ranged Weapons
  4927 | D:7      | 4927 ||| INVOKING Heroism.
  4959 | D:7      | Found a flagged portal.
  5037 | D:7      | Found a bloodstained altar of Trog.
  5189 | D:7      | Found an ancient bone altar of Kikubaaqudgha.
  5250 | D:7      | 5250 ||| UPGRADING to +1 robe of the Blessed Realm {-Cast
                  | Rampage rC+++ SInv}.
  5279 | D:8      | Reached ** piety under Okawaru
  5297 | D:8      | Reached skill level 3 in Dodging
  5364 | D:8      | Reached XP level 10. HP: 63/63 MP: 13/13
  5452 | D:8      | Found a staircase to the Lair.
  5548 | D:8      | Reached skill level 11 in Ranged Weapons
  5712 | D:8      | Found a basalt altar of Yredelemnul.
  5758 | D:8      | Reached *** piety under Okawaru
  5829 | D:8      | 5829 ||| INVOKING Heroism.
  5880 | D:8      | Found a sparkling altar of Nemelex Xobeh.
  5936 | D:8      | 5936 ||| PLANNING LAIR
  5981 | Lair:1   | Entered Level 1 of the Lair of Beasts
  6008 | Lair:1   | 6008 ||| INVOKING Heroism.
  6017 | Lair:1   | HP: 12/64 [yak (5)]
  6018 | Lair:1   | 6018 ||| READING scroll of teleportation.
  6084 | Lair:1   | Noticed a cane toad
  6085 | Lair:1   | 6085 ||| INVOKING Heroism.
  6093 | Lair:1   | Killed a cane toad
  6094 | Lair:1   | Reached skill level 12 in Ranged Weapons
  6141 | Lair:1   | 6141 ||| INVOKING Heroism.
  6257 | Lair:1   | Noticed a cane toad
  6258 | Lair:1   | 6258 ||| INVOKING Heroism.
  6274 | Lair:1   | Killed a cane toad
  6332 | Lair:1   | Reached **** piety under Okawaru
  6345 | Lair:1   | Reached XP level 11. HP: 60/69 MP: 14/14
  6425 | Lair:1   | 6425 ||| INVOKING Heroism.
  6432 | Lair:1   | HP: 12/69 [yak (13)]
  6584 | Lair:1   | 6584 ||| INVOKING Heroism.
  6651 | Lair:1   | Reached skill level 6 in Invocations
  6655 | Lair:1   | 6655 ||| INVOKING Heroism.
  6672 | Lair:1   | HP: 10/69 [yak (13)]
  6674 | Lair:1   | HP: 2/69 [yak (9)]
  6677 | Lair:1   | Mangled by a yak

Levels and vault maps discovered:
D:1:      elethiomel_arrival_shortcut, layout_rooms, dk_noncrumbling_3
D:2:      layout_loops_ring, minmay_pentomino_u4
D:3:      layout_rooms, nicolae_dithmenos_the_darkroom, minmay_misc_feat_rugged,
          uniq_sigmund
D:4:      layout_gridville, nicolae_qazlal_style_of_elements,
          mainiacjoe_overflow_alcove_2, nicolae_overflow_hidden_temple,
          minmay_temple_entry_drinking_statues, serial_shops,
          nicolae_shop_statue_plus, uniq_eustachio, uniq_menkaure
D:5:      layout_loops_corners, pdpol_temple_overflow_zin_treasury_gozag_greed,
          minmay_misc_feat_nine_boxes
D:6:      layout_gridville, chei_slow_surprise, serial_shops, shop,
          serial_glass, glass_columns_a, glass_columns_a, due_unseen_surprise,
          feat_on_display, item_on_display_a
D:7:      layout_cave_pools, nicolae_overflow_crystal_walls,
          lemuel_zombie_altar_kikubaaqudgha, enter_bailey_5, serial_shops,
          nicolae_lakefront_shop
D:8:      layout_cave_pools, lemuel_mausoleum_altar_yredelemnul,
          mainiacjoe_overflow_alcove_4
Temple:   nicolae_temple_ecumenical_triangle
Lair:1:   layout_concentric_octagons

Skill      XL: |  1  2  3  4  5  6  7  8  9 10 11 |
---------------+----------------------------------+-----
Ranged Weapons | 3 5 6 9 10 12 | 12.9
Fighting       | 2 3 4 7 8 |  8.3
Armour         | 4 |  4.4
Invocations    | 1 4 6 |  6.2
Dodging        | 3 4 |  4.4
Spellcasting   | |  1.0
Hexes          | |  2.6

Action                     |  1- 3 |  4- 6 |  7- 9 | 10-12 || total
---------------------------+-------+-------+-------+-------++-------
   Fire: Sling             |   123 |    83 |   241 |       ||   447
         Orcbow            |       |       |   137 |   346 ||   483
 Invoke: Heroism           |       |       |     7 |     8 ||    15
    Use: Scroll            |     8 |     2 |     4 |     1 ||    15
         Potion            |     2 |       |     4 |       ||     6
 Armour: Robe              |    25 |       |    23 |   113 ||   161
         Ring mail         |       |    50 |   108 |       ||   158
  Dodge: Dodged            |    52 |    37 |   174 |   193 ||   456
  Block: Other             |       |     3 |    69 |    75 ||   147
         Reflection        |       |       |     2 |       ||     2

Table legend:
 A = Non-vault XP
 B = Vault XP
 C = Vault XP percentage of total XP
 D = Non-vault monster count
 E = Vault monster count
 F = Vault count percentage of total count
                 A         B        C        D         E       F
            +---------+---------+-------+---------+---------+-------
      Total |   10555 |    1606 |  13.2 |     173 |      24 |  12.2
            +---------+---------+-------+---------+---------+-------
        D:1 |      22 |       0 |   0.0 |      14 |       0 |   0.0
        D:2 |      51 |       7 |  12.1 |      19 |       4 |  17.4
        D:3 |     236 |     226 |  48.9 |      21 |       1 |   4.5
        D:4 |     285 |     369 |  56.4 |      13 |       2 |  13.3
        D:5 |     569 |       0 |   0.0 |      20 |       0 |   0.0
        D:6 |    1369 |       0 |   0.0 |      23 |       0 |   0.0
        D:7 |    1031 |      10 |   1.0 |      15 |       5 |  25.0
        D:8 |    1413 |     994 |  41.3 |      23 |      12 |  34.3
     Lair:1 |    5579 |       0 |   0.0 |      25 |       0 |   0.0
            +---------+---------+-------+---------+---------+-------
